 Dungeon Crawl Stone Soup version 0.26-a0-660-gc07710193c (webtiles) character file.

Game seed: 2670766061731328029

0 Gargoyl the Skirmisher (level 1, -12/23 HPs)
             Began as a Gnoll Abyssal Knight on Oct 8, 2020.
             Was a Follower of Lugonu.
             Mangled by a tentacle (26 damage)
             ... attached to a kraken
             ... on level 3 of the Abyss.
             The game lasted 00:00:22 (114 turns).

Gargoyl the Skirmisher (Gnoll Abyssal Knight)        Turns: 114, Time: 00:00:23

Health: -12/23     AC:  3    Str: 14    XL:     1   Next: 0%
Magic:  3/3        EV: 12    Int: 14    God:    Lugonu [*.....]
Gold:   0          SH:  0    Dex: 14    Spells: 0/0 levels left

rFire    . . .     SeeInvis .   a - +1 hand axe
rCold    . . .     Faith    .   (no shield)
rNeg     . . .     Spirit   .   b - +0 leather armour
rPois    .         Reflect  .   (no helmet)
rElec    .         Harm     .   (no cloak)
rCorr    .         Rampage  .   (no gloves)
MR       .....                  (no boots)
Stlth    +.........             (no amulet)
HPRegen  0.07/turn              (no ring)
MPRegen  0.08/turn              (no ring)

@: no status effects
A: distributed training, fangs 1, strong nose
a: Depart the Abyss, Renounce Religion


You were on level 3 of the Abyss.
You worshipped Lugonu.
Lugonu was aware of your devotion.
You visited 0 branches of the dungeon, and saw 0 of its levels.
You visited the Abyss 1 time.

Inventory:

Hand Weapons
 a - a +1 hand axe (weapon)
Armour
 b - a +0 leather armour (worn)
Scrolls
 c - a scroll of magic mapping


   Skills:
 + Level 6.4 Fighting
 + Level 0.0 Short Blades
 + Level 0.0 Long Blades
 + Level 4.4 Axes
 + Level 0.0 Maces & Flails
 + Level 0.0 Polearms
 + Level 0.0 Staves
 + Level 0.0 Slings
 + Level 0.0 Bows
 + Level 0.0 Crossbows
 + Level 0.0 Throwing
 + Level 4.4 Armour
 + Level 2.3 Dodging
 + Level 0.0 Stealth
 + Level 0.0 Shields
 + Level 0.0 Unarmed Combat
 + Level 0.0 Spellcasting
 + Level 0.0 Conjurations
 + Level 0.0 Hexes
 + Level 0.0 Summonings
 + Level 0.0 Necromancy
 + Level 0.0 Translocations
 + Level 0.0 Transmutations
 + Level 0.0 Fire Magic
 + Level 0.0 Ice Magic
 + Level 0.0 Air Magic
 + Level 0.0 Earth Magic
 + Level 0.0 Poison Magic
 + Level 4.4 Invocations
 + Level 0.0 Evocations


You couldn't memorise any spells.
You didn't know any spells.
Your spell library was empty.

Dungeon Overview and Level Annotations

Branches:
Dungeon (0/15)

Altars:


Innate Abilities, Weirdness & Mutations

Your experience applies equally to all skills.
You have very sharp teeth.
Your uncanny sense of smell can sniff out nearby items.


Message History

Your transformation is almost over.
You start waiting.
You feel less wooden.
Your +0 leather armour unmelds from your body.
You plunge deeper into the Abyss.
The abyssal rune of Zot can be found at this depth.
A kraken, an apocalypse crab, a shambling mangrove and a ghost crab come into view.
Found an abyssal rune of Zot.
The apocalypse crab breathes chaos at you.
A tentacled monstrosity comes into view.
Tentacles burst out of the water! 3 tentacles come into view.
Unknown command.
The tentacle slaps you.
Unknown command.
You hit the tentacle.
The tentacle is lightly wounded.
The tentacle slaps you. The tentacle slaps you!!
Ouch! That really hurt!
You die...

.###.##...
......#..
..........
.....∩....
##≈≈≈≈≈≈≈##
.≈≈≈≈≈≈X≈≈
##≈≈≈≈≈≈w##
#...t≈≈.w@#
#...≈≈≈...#
#..≈≈≈..##
##.≈≈f.##
##t≈≈##
≈≈X≈≈
#≈≈≈≈≈≈
##≈≈≈≈≈
#### #


You could see a kraken, a tentacled monstrosity, a shambling mangrove, a ghost
crab, an apocalypse crab and 2 tentacles.

Vanquished Creatures (others)
  2 tentacles (Abyss:3)
2 creatures vanquished.

Notes
Turn   | Place    | Note
-------+----------+-------------------------------------------
     0 | Abyss:1  | Gargoyl the Gnoll Abyssal Knight began the quest for the
                  | Orb.
     0 | Abyss:1  | Reached XP level 1. HP: 23/23 MP: 3/3
     0 | Abyss:1  | Found a broken altar of Ashenzari.
   109 | Abyss:3  | Noticed a ghost crab
   109 | Abyss:3  | Noticed a kraken
   109 | Abyss:3  | Noticed a shambling mangrove
   109 | Abyss:3  | Noticed an apocalypse crab
   111 | Abyss:3  | Noticed a tentacled monstrosity
   114 | Abyss:3  | Mangled by a tentacle

Illustrated notes

Levels and vault maps discovered:
Abyss:3:  evilmike_abyss_exit_6, evilmike_nicolae_abyss_rune_betentacled_crabyss

Action                   || total
-------------------------++-------
Melee: Hand axe          ||     1
  Use: Scroll            ||     1
       Potion            ||     1

Table legend: (Time is in decaauts)
 A = Elapsed time spent in this place.
 B = Non-inter-level travel time spent in this place.
 C = Inter-level travel time spent in this place.
 D = Time resting spent in this place.
 E = Time spent auto-exploring this place.
 F = Levels seen in this place.
 G = Mean time per level.
                   A        B        C        D        E       F      G
               +--------+--------+--------+--------+--------+-----+--------+
         Total |    113 |    113 |      0 |     29 |     47 |   3 |   37.7 |
         Abyss |    113 |    113 |      0 |     29 |     47 |   3 |   37.7 |
               +--------+--------+--------+--------+--------+-----+--------+

Top non-repeatable levels by time:
 Abyss:2: 67 daAuts
 Abyss:1: 41 daAuts
 Abyss:3: 4 daAuts
